3AAA
ALASKAN HUMPBACKS @ FLORIDA MEN
09/01/2032
 
TOP OF THE 1ST
Alaskan Humpbacks batting - Pitching for Florida Men : RHP Martín Aguilar
Pitching: RHP Martín Aguilar
Batting: RHB Jesús Torres 0-0: Ball
1-0: Foul Ball, location: 2F
1-1: Ground out 6-3 (Groundball, 6)
Batting: LHB Dallas Ihde 0-0: Ball
1-0: Ground out 4-3 (Groundball, 4)
Batting: LHB Danny Trautmann 0-0: Ball
1-0: Ball
2-0: Called Strike
2-1: Called Strike
2-2: Ball
3-2: Base on Balls
Batting: RHB Doug Allerdale 0-0: Called Strike
0-1: Ball
1-1: Foul Ball, location: 2F
1-2: Strikes out looking
Top of the 1st over - 0 runs, 0 hits, 0 errors, 1 left on base; Alaskan 0 - Florida 0
BOTTOM OF THE 1ST
Florida Men batting - Pitching for Alaskan Humpbacks : LHP Coy Broderick
Pitching: LHP Coy Broderick
Batting: RHB Manny Maltby 0-0: Swinging Strike
0-1: SINGLE (Line Drive, 34D)
Batting: RHB Juan Tapia 0-0: Called Strike
0-1: Swinging Strike
0-2: Foul Ball, location: 2F
0-2: Ball
1-2: Fly out, F8 (Flyball, 8LD)
Batting: RHB Vojtech Farkas 0-0: Ball
Manny Maltby steals 2nd base
1-0: Ball
2-0: Called Strike
2-1: Called Strike
2-2: Fly out, F8 (Flyball, 8LD)
Runner from 2nd tags up, SAFE at 3rd with throw
Batting: RHB Jorge Díaz 0-0: Ball
1-0: Ball
2-0: Foul Ball, location: 2F
2-1: Foul Ball, location: 2F
2-2: Ball
3-2: Base on Balls
Batting: RHB Henry Lambright 0-0: Ball
Pickoff Throw by Catcher to First - Error! E2
Manny Maltby scores
Jorge Díaz to second
1-0: Swinging Strike
1-1: Ball
2-1: Foul Ball, location: 2F
2-2: Foul Ball, location: 2F
2-2: Ground out U3 (Groundball, 34S)
Bottom of the 1st over - 1 run, 1 hit, 1 error, 1 left on base; Alaskan 0 - Florida 1
TOP OF THE 2ND
Alaskan Humpbacks batting - Pitching for Florida Men : RHP Martín Aguilar
Batting: LHB Ron Stewart 0-0: Ball
1-0: SINGLE (Groundball, 6MD)
Batting: RHB Erik Sterk 0-0: Ball
1-0: Ball
2-0: Ball
3-0: Called Strike
3-1: Called Strike
Ron Stewart steals 2nd base
3-2: Foul Ball, location: 2F
3-2: Ground out 6-3 (Groundball, 6)
Ron Stewart to third
Batting: RHB Scott Dourque 0-0: Foul Ball, location: 2F
0-1: Ball
1-1: Called Strike
1-2: Strikes out swinging
Batting: RHB Bobby Christopher 0-0: Ball
1-0: Called Strike
1-1: Ball
2-1: Fly out, F3 (Line Drive, 3)
Top of the 2nd over - 0 runs, 1 hit, 0 errors, 1 left on base; Alaskan 0 - Florida 1
BOTTOM OF THE 2ND
Florida Men batting - Pitching for Alaskan Humpbacks : LHP Coy Broderick
Batting: RHB Júlio Vargas 0-0: Ball
1-0: Ball
2-0: DOUBLE (Groundball, 5L)
Batting: SHB Tim Fowler 0-0: Foul Ball, location: 2F
0-1: Ball
1-1: SINGLE (Groundball, 6MD)
Júlio Vargas to third
Runner from 3rd tries for Home, throw and OUT!
Batting: LHB Bastyăo Lizardo 0-0: Called Strike
0-1: Grounds into double play, 1-6-3 (Groundball, 13S)
Bottom of the 2nd over - 0 runs, 2 hits, 0 errors, 0 left on base; Alaskan 0 - Florida 1
TOP OF THE 3RD
Alaskan Humpbacks batting - Pitching for Florida Men : RHP Martín Aguilar
Batting: LHB Gabriel Amezquita 0-0: Foul Ball, location: 2F
0-1: Called Strike
0-2: Ball
1-2: SINGLE (Line Drive, 4MD)
Batting: RHB Jesús Torres 0-0: Swinging Strike
0-1: SINGLE (Line Drive, 8LS)
Gabriel Amezquita to second
Runner from 2nd tries for 3rd, SAFE, no throw
Batting: LHB Dallas Ihde 0-0: Called Strike
0-1: Ball
1-1: Ball
2-1: Ground out U3 (Groundball, 34S)
Gabriel Amezquita scores
Jesús Torres to second
Batting: LHB Danny Trautmann 0-0: Ground out 4-3 (Groundball, 4)
Jesús Torres to third
Batting: RHB Doug Allerdale 0-0: Ball
1-0: Ball
2-0: Foul Ball, location: 2F
2-1: Ball
3-1: Called Strike
3-2: 2-RUN HOME RUN (Flyball, 7D), Distance : 385 ft
Batting: LHB Ron Stewart 0-0: Ground out 3-1 (Groundball, 34S)
Top of the 3rd over - 3 runs, 3 hits, 0 errors, 0 left on base; Alaskan 3 - Florida 1
BOTTOM OF THE 3RD
Florida Men batting - Pitching for Alaskan Humpbacks : LHP Coy Broderick
Batting: SHB Spencer Landes 0-0: Called Strike
0-1: Ball
1-1: Ground out 6-3 (Groundball, 6)
Batting: RHB Manny Maltby 0-0: Called Strike
0-1: Swinging Strike
0-2: Foul Ball, location: 2F
0-2: Foul Ball, location: 2F
0-2: Ground out 5-3 (Groundball, 56)
Batting: RHB Juan Tapia 0-0: Ball
1-0: Ball
2-0: Ball
3-0: Called Strike
3-1: Base on Balls
Batting: RHB Vojtech Farkas 0-0: Ball
1-0: Swinging Strike
1-1: Ball
2-1: Ground out U3 (Groundball, 34S)
Bottom of the 3rd over - 0 runs, 0 hits, 0 errors, 1 left on base; Alaskan 3 - Florida 1
TOP OF THE 4TH
Alaskan Humpbacks batting - Pitching for Florida Men : RHP Martín Aguilar
Batting: RHB Erik Sterk 0-0: Ball
1-0: Ball
2-0: DOUBLE (Line Drive, 8RXD)
Batting: RHB Scott Dourque 0-0: Ball
1-0: Ball
2-0: Ball
3-0: Base on Balls
Batting: RHB Bobby Christopher 0-0: Ball
1-0: Ball
2-0: Called Strike
2-1: Ball
3-1: Base on Balls
Erik Sterk to third
Scott Dourque to second
Batting: LHB Gabriel Amezquita 0-0: Ball
1-0: Called Strike
1-1: Ball
2-1: Ball
3-1: Called Strike
3-2: Base on Balls
Erik Sterk scores
Scott Dourque to third
Bobby Christopher to second
Batting: RHB Jesús Torres 0-0: Ball
1-0: Called Strike
1-1: Called Strike
1-2: Ball
2-2: Strikes out swinging
Batting: LHB Dallas Ihde 0-0: Ball
1-0: Foul Ball, location: 2F
1-1: Foul Ball, location: 2F
1-2: Ball
2-2: Foul Ball, location: 2F
2-2: Foul Ball, location: 2F
2-2: Ball
3-2: Fly out, F7 (Flyball, 7LM)
Runner from 3rd tags up, SCORES, throw made
Batting: LHB Danny Trautmann 0-0: Ball
1-0: Ball
2-0: Fielders Choice at 2nd, 6-4 (Groundball, 6)
Top of the 4th over - 2 runs, 1 hit, 0 errors, 2 left on base; Alaskan 5 - Florida 1
BOTTOM OF THE 4TH
Florida Men batting - Pitching for Alaskan Humpbacks : LHP Coy Broderick
Batting: RHB Jorge Díaz 0-0: Ground out 5-3 (Groundball, 56)
Batting: RHB Henry Lambright 0-0: Called Strike
0-1: Ball
1-1: Swinging Strike
1-2: Fly out, F6 (Popup, 6)
Batting: RHB Júlio Vargas 0-0: Fly out, F7 (Flyball, 78D)
Bottom of the 4th over - 0 runs, 0 hits, 0 errors, 0 left on base; Alaskan 5 - Florida 1
TOP OF THE 5TH
Alaskan Humpbacks batting - Pitching for Florida Men : RHP Martín Aguilar
Batting: RHB Doug Allerdale 0-0: Foul Ball, location: 2F
0-1: Called Strike
0-2: Ball
1-2: Ball
2-2: Foul Ball, location: 2F
2-2: Ball
3-2: Strikes out swinging
Batting: LHB Ron Stewart 0-0: Ball
1-0: Swinging Strike
1-1: Swinging Strike
1-2: Ball
2-2: Strikes out looking
Batting: RHB Erik Sterk 0-0: Called Strike
0-1: Ball
1-1: Foul Ball, location: 2F
1-2: Ball
2-2: Reached on error, E7 (Flyball, 7LS)
Batting: RHB Scott Dourque 0-0: Foul Ball, location: 2F
0-1: Ball
1-1: Ball
2-1: Foul Ball, location: 2F
2-2: Ball
3-2: Base on Balls
Pitching: RHP Brian Scalabrine
Batting: RHB Bobby Christopher 0-0: SINGLE (Line Drive, 6MD)
Erik Sterk to third
Scott Dourque to second
Runner from 3rd tries for Home, SAFE, no throw
Batting: LHB Gabriel Amezquita 0-0: Called Strike
0-1: Foul Ball, location: 2F
0-2: Ball
1-2: Ball
2-2: Ball
3-2: Foul Ball, location: 2F
3-2: Foul Ball, location: 2F
3-2: Strikes out swinging
Top of the 5th over - 1 run, 1 hit, 1 error, 2 left on base; Alaskan 6 - Florida 1
BOTTOM OF THE 5TH
Florida Men batting - Pitching for Alaskan Humpbacks : LHP Coy Broderick
Batting: SHB Tim Fowler 0-0: Called Strike
0-1: Ball
1-1: Ball
2-1: Ball
3-1: Base on Balls
Batting: LHB Bastyăo Lizardo 0-0: Called Strike
0-1: Called Strike
0-2: Ball
1-2: Strikes out swinging
Batting: SHB Spencer Landes 0-0: Foul Ball, location: 2F
0-1: Fly out, F7 (Line Drive, 7S)
Batting: RHB Manny Maltby 0-0: Called Strike
0-1: Swinging Strike
0-2: Ball
Tim Fowler steals 2nd base
1-2: Fly out, F8 (Flyball, 8LS)
Bottom of the 5th over - 0 runs, 0 hits, 0 errors, 1 left on base; Alaskan 6 - Florida 1
TOP OF THE 6TH
Alaskan Humpbacks batting - Pitching for Florida Men : RHP Brian Scalabrine
Batting: RHB Jesús Torres 0-0: Ball
1-0: Fly out, F6 (Line Drive, 6)
Batting: LHB Dallas Ihde 0-0: Ball
1-0: Foul Ball, location: 2F
1-1: Ball
2-1: Foul Ball, location: 2F
2-2: Ground out U3 (Groundball, 34)
Batting: LHB Danny Trautmann 0-0: Ball
1-0: Ball
2-0: Called Strike
2-1: SINGLE (Line Drive, 7LS)
Batting: RHB Doug Allerdale 0-0: Ball
1-0: Swinging Strike
1-1: Called Strike
1-2: Ball
2-2: DOUBLE (Line Drive, 78XD)
Danny Trautmann to third
Runner from 3rd tries for Home, SAFE, no throw
Batting: LHB Ron Stewart 0-0: Called Strike
0-1: Ball
1-1: Foul Ball, location: 2F
1-2: SINGLE (Line Drive, 56D)
Doug Allerdale to third
Batting: RHB Erik Sterk 0-0: Called Strike
0-1: Ball
Wild Pitch!
Doug Allerdale scores
Ron Stewart to second
1-1: Swinging Strike
1-2: Foul Ball, location: 2F
1-2: Ball
2-2: Ball
3-2: Base on Balls
Batting: RHB Scott Dourque 0-0: Called Strike
0-1: Swinging Strike
0-2: Ball
1-2: Strikes out looking
Top of the 6th over - 2 runs, 3 hits, 0 errors, 2 left on base; Alaskan 8 - Florida 1
BOTTOM OF THE 6TH
Florida Men batting - Pitching for Alaskan Humpbacks : LHP Coy Broderick
Batting: RHB Juan Tapia 0-0: Called Strike
0-1: Foul Ball, location: 2F
0-2: Ball
1-2: Ball
2-2: Ground out 5-3 (Groundball, 5L)
Batting: RHB Vojtech Farkas 0-0: SINGLE (Line Drive, 7S)
Batting: RHB Jorge Díaz 0-0: Ball
1-0: Called Strike
1-1: Called Strike
1-2: Ball
2-2: Foul Ball, location: 2F
2-2: Ball
3-2: Strikes out swinging
Vojtech Farkas steals 2nd base
Batter strikes out.
Batting: RHB Henry Lambright 0-0: Ball
1-0: Ball
2-0: Called Strike
2-1: Foul Ball, location: 2F
2-2: Fly out, F8 (Flyball, 78XD)
Bottom of the 6th over - 0 runs, 1 hit, 0 errors, 1 left on base; Alaskan 8 - Florida 1
TOP OF THE 7TH
Alaskan Humpbacks batting - Pitching for Florida Men : RHP Brian Scalabrine
Batting: RHB Bobby Christopher 0-0: Swinging Strike
0-1: Ball
1-1: Ball
2-1: Fly out, F4 (Popup, 4S)
Batting: LHB Gabriel Amezquita 0-0: Ground out 5-3 (Groundball, 56)
Batting: RHB Jesús Torres 0-0: Ball
1-0: Called Strike
1-1: Swinging Strike
1-2: Foul Ball, location: 2F
1-2: Foul Ball, location: 2F
1-2: Ground out 5-3 (Groundball, 56S)
Top of the 7th over - 0 runs, 0 hits, 0 errors, 0 left on base; Alaskan 8 - Florida 1
BOTTOM OF THE 7TH
Florida Men batting - Pitching for Alaskan Humpbacks : LHP Coy Broderick
Pitching: RHP Francisco Barrios
Batting: RHB Júlio Vargas 0-0: Fly out, F9 (Flyball, 9D)
Batting: SHB Tim Fowler 0-0: Ball
1-0: SINGLE (Groundball, 6D)
Batting: LHB Bastyăo Lizardo 0-0: Grounds into double play, 6-4-3 (Groundball, 6)
Bottom of the 7th over - 0 runs, 1 hit, 0 errors, 0 left on base; Alaskan 8 - Florida 1
TOP OF THE 8TH
Alaskan Humpbacks batting - Pitching for Florida Men : RHP Brian Scalabrine
Batting: LHB Dallas Ihde 0-0: Called Strike
0-1: Ball
1-1: Foul Ball, location: 2F
1-2: Foul Ball, location: 2F
1-2: Foul Ball, location: 2F
1-2: Ball
2-2: Ball
3-2: Fly out, F9 (Flyball, 89M)
Batting: LHB Danny Trautmann 0-0: Called Strike
0-1: Ground out 6-3 (Groundball, 6S)
Batting: RHB Doug Allerdale 0-0: Ball
1-0: Ball
2-0: Ball
3-0: Called Strike
3-1: Swinging Strike
3-2: Foul Ball, location: 2F
3-2: Strikes out swinging
Top of the 8th over - 0 runs, 0 hits, 0 errors, 0 left on base; Alaskan 8 - Florida 1
BOTTOM OF THE 8TH
Florida Men batting - Pitching for Alaskan Humpbacks : RHP Francisco Barrios
Batting: SHB Spencer Landes 0-0: Swinging Strike
0-1: Foul Ball, location: 2F
0-2: Strikes out looking
Batting: RHB Manny Maltby 0-0: Called Strike
0-1: Ball
1-1: Swinging Strike
1-2: Strikes out looking
Batting: RHB Juan Tapia 0-0: Fly out, F7 (Line Drive, 7D)
Bottom of the 8th over - 0 runs, 0 hits, 0 errors, 0 left on base; Alaskan 8 - Florida 1
TOP OF THE 9TH
Alaskan Humpbacks batting - Pitching for Florida Men : RHP Brian Scalabrine
Batting: LHB Ron Stewart 0-0: Ball
1-0: Called Strike
1-1: Foul Ball, location: 2F
1-2: Ball
2-2: Ball
3-2: Strikes out swinging
Batting: RHB Erik Sterk 0-0: Foul Ball, location: 2F
0-1: Swinging Strike
0-2: Ball
1-2: Ball
2-2: Ball
3-2: Single, Error in OF, E7, batter to second base
Pitching: RHP Steve Bryan
Batting: RHB Scott Dourque Balk!
Erik Sterk to third
0-0: Foul Ball, location: 2F
0-1: Ball
1-1: Fly out, F3 (Popup, 3S)
Batting: RHB Bobby Christopher 0-0: Ball
1-0: Ball
2-0: Foul Ball, location: 2F
2-1: Foul Ball, location: 2F
2-2: 2-RUN HOME RUN (Flyball, 7LD), Distance : 362 ft
Batting: LHB Gabriel Amezquita 0-0: Ball
1-0: Called Strike
1-1: Fly out, F9 (Flyball, 9LS)
Top of the 9th over - 2 runs, 2 hits, 1 error, 0 left on base; Alaskan 10 - Florida 1
BOTTOM OF THE 9TH
Florida Men batting - Pitching for Alaskan Humpbacks : RHP Francisco Barrios
Batting: RHB Vojtech Farkas 0-0: Ball
1-0: Fly out, F9 (Flyball, 9D)
Batting: RHB Jorge Díaz 0-0: Fly out, F2 (Popup, 23F)
Batting: RHB Henry Lambright 0-0: Ball
1-0: Called Strike
1-1: Ball
2-1: Ball
3-1: Foul Ball, location: 2F
3-2: Foul Ball, location: 2F
3-2: Foul Ball, location: 2F
3-2: Strikes out swinging
Bottom of the 9th over - 0 runs, 0 hits, 0 errors, 0 left on base; Alaskan 10 - Florida 1
Wednesday, September 19th, 2018 - OOTP Baseball 18.8 Build 76